 Dungeon Crawl Stone Soup version 0.16.2-12-gd0ad4c3 (webtiles) character file.

181 suicidejoker the Sneak (level 5, -1/39 HPs)
             Began as a Demonspawn Assassin on Sept 22, 2015.
             Slain by a quokka (2 damage)
             ... on level 3 of the Dungeon.
             The game lasted 00:05:07 (2257 turns).

suicidejoker the Sneak (Demonspawn Assassin)        Turns: 2257, Time: 00:05:07

Health: -1/39      AC:  6    Str: 16    XL:     5   Next: 34%
Magic:  5/5        EV: 13    Int: 17    God:
Gold:   73         SH:  0    Dex: 16    Spells: 0 memorised, 4 levels left

rFire  . . .     SeeInvis .     a - +2 dagger
rCold  . . .     Clarity  .     c - +0 robe
rNeg   . . .     SustAb   .     (no shield)
rPois  .         Gourm    .     (no helmet)
rElec  .         Spirit   .     d - +0 cloak
rCorr  .         Warding  .     (no gloves)
rMut   .         Stasis   .     (no boots)
MR     .....                    (no amulet)
Stlth  +++.......               (no ring)
                                (no ring)

@: mighty, brilliant, lethally poisoned (-1 -> -6), not resistant to hostile
enchantments, fairly stealthy
A: hooves 1, yellow scales 2
a: no special abilities


You were on level 3 of the Dungeon.
You were not hungry.

You visited 1 branch of the dungeon, and saw 3 of its levels.

You collected 73 gold pieces.

Inventory:

Hand weapons
 a - a +2 dagger (weapon)
 b - a +0 blowgun
Missiles
 e - 23 poisoned needles
 f - 2 curare-tipped needles
Armour
 c - a +0 robe (worn)
 d - a +0 cloak (worn)
Magical devices
 w - a wand of frost (17)
Scrolls
 h - a scroll of random uselessness {unknown}
 j - a scroll of magic mapping {unknown}
 k - 2 scrolls of teleportation {unknown}
 l - 2 scrolls of remove curse {unknown}
 n - 3 scrolls of enchant armour {unknown}
 p - 2 scrolls of identify {unknown}
 q - a scroll of fog {unknown}
 u - a scroll of recharging {unknown}
 x - a scroll of noise {unknown}
Potions
 i - 2 potions of ambrosia
 r - a potion of curing {unknown}
 t - a potion of restore abilities {unknown}
 z - a potion of lignification {unknown}
Comestibles
 g - 2 bread rations
 v - a royal jelly


   Skills:
 + Level 2.6 Fighting
 + Level 2.3 Short Blades
 + Level 2.0 Throwing
 + Level 3.0 Dodging
 + Level 4.7 Stealth


You had 4 spell levels left.
You didn't know any spells.

Dungeon Overview and Level Annotations

Branches:
Dungeon (3/15)

Altars:
Ashenzari
Qazlal
Xom

Annotations:
D:3 Ijyb


Innate Abilities, Weirdness & Mutations

You have large cloven feet.
You are mostly covered in yellow scales (AC +3).


Message History

Ijyb is heavily wounded.
You feel sick. The adder bites you but does no damage.
The quokka closely misses you. Ijyb screams, "Me kill you!"
Ijyb hits you but does no damage. The adder bites you but does no damage.
You barely miss Ijyb. You kick Ijyb, but do no damage.
Ijyb is heavily wounded.
The quokka barely misses you. The adder barely misses you. Ijyb hits you.
* * * LOW HITPOINT WARNING * * *
Drink which item? (? for menu, Esc to quit)
It was a potion of brilliance.
You feel clever all of a sudden.
You feel sick.
The quokka bites you but does no damage.
The adder bites you.
* * * LOW HITPOINT WARNING * * *
Ijyb hits you.
* * * LOW HITPOINT WARNING * * *
The quokka bites you.
You die...

........ ...........#
##..........
...........## ##
#.........)# #.
#..........#########.
#..........##........
....#..r.......#..######.
_......g@.†......## ##
....#..S......#### #
#......$..# # #....####.#
# #.#### #..# # ...
##....####### #.
###........ $ #........
#......(.


You could see Ijyb, an adder and a quokka.

Vanquished Creatures
  The ghost of Blackasaurus the Skirmisher, an average MiBe of Trog (D:3)
  2 adders
  A worm (D:2)
  4 giant geckos
  2 oozes (D:1)
  4 orcs (D:3)
  7 bats
  3 giant cockroaches
  7 goblins
  5 hobgoblins
  4 jackals (D:2)
  A kobold (D:1)
  4 quokkas (D:2)
  2 ball pythons
  4 giant newts (D:1)
  5 rats
56 creatures vanquished.

Notes
Turn   | Place    | Note
--------------------------------------------------------------
     0 | D:1      | suicidejoker, the Demonspawn Assassin, began the quest for the Orb.
     0 | D:1      | Reached XP level 1. HP: 16/16 MP: 1/1
   287 | D:1      | Reached skill level 1 in Dodging
   287 | D:1      | Reached skill level 4 in Stealth
   304 | D:1      | Gained mutation: You are partially covered in yellow scales (AC +2). [demonic ancestry]
   304 | D:1      | Reached XP level 2. HP: 20/22 MP: 2/2
   942 | D:2      | Gained mutation: You have large cloven feet. [demonic ancestry]
   942 | D:2      | Reached XP level 3. HP: 27/27 MP: 3/3
  1772 | D:2      | Gained mutation: You are mostly covered in yellow scales (AC +3). [demonic ancestry]
  1772 | D:2      | Reached XP level 4. HP: 28/33 MP: 4/4
  1975 | D:3      | Noticed Blackasaurus' ghost (average MiBe)
  2002 | D:3      | Killed Blackasaurus' ghost
  2002 | D:3      | Reached XP level 5. HP: 26/39 MP: 5/5
  2177 | D:3      | Found a stormy altar of Qazlal.
  2178 | D:3      | Found a shimmering altar of Xom.
  2218 | D:3      | Noticed Ijyb
  2222 | D:3      | Found a shattered altar of Ashenzari.
  2257 | D:3      | HP: 1/39 [Ijyb (1)]
  2257 | D:3      | Slain by a quokka

Action                   |  1- 3 |  4- 6 || total
-------------------------+-------+-------++-------
Melee: Dagger            |   146 |    72 ||   218
  Use: Potion            |       |     6 ||     6
 Stab: Sleeping          |     8 |     1 ||     9
  Eat: Chunk             |     3 |     1 ||     4
